 Dungeon Crawl Stone Soup version 0.26-a0-812-g31a745ddcd (webtiles) character file.

Game seed: 6283664437066403850

97 kae the Chopper (level 4, -2/40 HPs)
             Began as a Hill Orc Fighter on Dec 9, 2020.
             Slain by a wight
             ... wielding a +2 battleaxe
              (6 damage)
             ... on level 4 of the Dungeon.
             The game lasted 00:00:43 (1418 turns).

kae the Chopper (Hill Orc Fighter)                  Turns: 1418, Time: 00:00:44

Health: -2/40      AC:  6    Str: 19    XL:     4   Next: 68%
Magic:  4/4        EV:  7    Int:  8    God:
Gold:   88         SH:  8    Dex: 10    Spells: 3/3 levels left

rFire    . . .     SeeInvis .   a - +0 war axe
rCold    . . .     Faith    .   c - +0 kite shield
rNeg     . . .     Spirit   .   b - +0 scale mail
rPois    .         Reflect  .   (no helmet)
rElec    .         Harm     .   (no cloak)
rCorr    .         Rampage  .   (no gloves)
MR       .....                  (no boots)
Stlth    ..........             (no amulet)
HPRegen  0.13/turn              (no ring)
MPRegen  0.09/turn              (no ring)

@: mighty, drained
A: no striking features
a: no special abilities


You were on level 4 of the Dungeon.
You visited 1 branch of the dungeon, and saw 4 of its levels.

You collected 88 gold pieces.

Inventory:

Hand Weapons
 a - a +0 war axe (weapon)
Armour
 b - a +0 scale mail (worn)
 c - a +0 kite shield (worn)
Jewellery
 e - an uncursed amulet of reflection {unknown}
 n - an uncursed ring of fire {unknown}
Scrolls
 f - 2 scrolls of teleportation {unknown}
 h - 2 scrolls of remove curse {unknown}
 i - 3 scrolls of amnesia {unknown}
 k - 3 scrolls of identify {unknown}
 m - a scroll of blinking {unknown}
 o - a scroll of noise {unknown}
Potions
 g - 2 potions of degeneration {unknown}
 j - 2 potions of curing {unknown}
 l - a potion of flight {unknown}
 p - a potion of invisibility {unknown}


   Skills:
 + Level 4.2(3.4) Fighting
 * Level 4.4(3.6) Axes
 + Level 3.9(3.1) Armour
 + Level 1.3(0.5) Dodging
 - Level 3.2(2.5) Shields


You had 3 spell levels left.
You didn't know any spells.
Your spell library was empty.

Dungeon Overview and Level Annotations

Branches:
Dungeon (4/15)
 Temple: D:4-7

Altars:


Message History

Things that are here:
a cursed +0 spear; a +0 robe You closely miss the wight.
The wight is heavily damaged.
You barely miss the wight. The wight hits you with a +2 battleaxe.
You feel drained.
* * * LOW HITPOINT WARNING * * *
You block the wight's attack.
You barely miss the wight.
The wight is heavily damaged.
You hit the wight but do no damage. You block the wight's attack. x2
The wight hits you with a +0 falchion!
* * * LOW HITPOINT WARNING * * *
You feel drained.
* * * LOW HITPOINT WARNING * * *
Your shield prevents you from hitting the wight.
The wight is heavily damaged.
You hit the wight but do no damage. You block the wight's attack.
The wight barely misses you. The wight hits you with a +2 battleaxe.
You die...

. #### #.##.....
.(......# #.##.#..
#......###
..###.##...z<#
..........@z#
#........# #........# #
########..#..>..# .#
#.....##..###.####..##.
#.....##..###.##...$...
#...............†......
#.....##..####.#.......
#.....##...# #.#######.


You could see 2 wights.

Vanquished Creatures
  A wight (D:4)
  2 adders (D:2)
  A dart slug (D:1)
  3 leopard geckos
  4 giant cockroaches
  6 goblins
  3 hobgoblins (D:1)
  2 jackals (D:1)
  5 kobolds (D:1)
  2 bats
  2 frilled lizards (D:1)
  3 rats (D:1)
34 creatures vanquished.

Notes
Turn   | Place    | Note
-------+----------+-------------------------------------------
     0 | D:1      | kae the Hill Orc Fighter began the quest for the Orb.
     0 | D:1      | Reached XP level 1. HP: 19/19 MP: 1/1
   198 | D:1      | Reached XP level 2. HP: 27/27 MP: 2/2
   601 | D:1      | Reached XP level 3. HP: 33/33 MP: 3/3
   630 | D:1      | You fall into a shaft and drop 1 floor!
  1245 | D:2      | Reached skill level 1 in Dodging
  1377 | D:2      | You fall into a shaft and drop 2 floors!
  1398 | D:4      | Reached XP level 4. HP: 40/40 MP: 4/4
  1418 | D:4      | Slain by a wight

Illustrated notes

Levels and vault maps discovered:
D:1:      lightli_arrival_boilingwater, layout_basic
D:2:      layout_basic
D:3:      layout_rooms, nicolae_overflow_crystal_walls
D:4:      layout_loops_cross, grunt_decor_resistance

Skill      XL: |  1  2  3 |
---------------+----------+-----
Axes           | 3 4 |  4.4
Fighting       | 4 |  4.2
Dodging        | 1 |  1.3
Armour         | |  3.9
Shields        | |  3.2

Action                   |  1- 3 |  4- 6 || total
-------------------------+-------+-------++-------
Melee: War axe           |    77 |     6 ||    83
  Use: Potion            |       |     1 ||     1
Armor: Scale mail        |    31 |     5 ||    36
Dodge: Dodged            |    34 |     3 ||    37
Block: Kite shield       |    46 |     8 ||    54

Table legend: (Time is in decaauts)
 A = Elapsed time spent in this place.
 B = Non-inter-level travel time spent in this place.
 C = Inter-level travel time spent in this place.
 D = Time resting spent in this place.
 E = Time spent auto-exploring this place.
 F = Levels seen in this place.
 G = Mean time per level.
                   A        B        C        D        E       F      G
               +--------+--------+--------+--------+--------+-----+--------+
         Total |   1453 |   1396 |     57 |      0 |   1201 |   4 |  363.2 |
       Dungeon |   1453 |   1396 |     57 |      0 |   1201 |   4 |  363.2 |
               +--------+--------+--------+--------+--------+-----+--------+

Top non-repeatable levels by time:
     D:1: 944 daAuts
     D:2: 466 daAuts
     D:4: 41 daAuts
     D:3: 1 daAuts
